 Dungeon Crawl Stone Soup version 0.29.1-15-g9cfb28693d (webtiles) character file.

Game seed: 10471824484440903098

44 McKennaii the Caller (level 3, 0/26 HPs)
             Began as a Demigod Summoner on Feb 23, 2023.
             Succumbed to a goblin's poison
             ... on level 2 of the Dungeon.
             The game lasted 00:02:13 (1795 turns).

McKennaii the Caller (Demigod Summoner)             Turns: 1795, Time: 00:02:14

Health: 0/26       AC:  2    Str:  9    XL:     3   Next: 22%
Magic:  8/9        EV: 27    Int: 21    God:
Gold:   70         SH:  0    Dex: 12    Spells: 5/6 levels left

rFire   . . .      SeeInvis .   j - +0 spear
rCold   . . .      Faith    .   (no shield)
rNeg    . . .      Spirit   .   a - +0 robe
rPois   .          Reflect  .   (no helmet)
rElec   .          Harm     .   (no cloak)
rCorr   .          Rampage  .   (no gloves)
Will    .....                   (no boots)
Stlth   ++........              h - amulet of the acrobat
HPRegen 0.08/turn               (no ring)
MPRegen 0.11/turn               (no ring)

@: lethally poisoned (0 -> -7), acrobatic, attractive, invisible
A: high MP 1, forlorn, divine attributes, clumsy 1, wild magic 1
a: no special abilities


You were on level 2 of the Dungeon.
You visited 1 branch of the dungeon, and saw 2 of its levels.

You collected 70 gold pieces.

Inventory:

Hand Weapons
 j - a +0 spear (weapon)
Armour
 a - a +0 robe (worn)
Jewellery
 h - an amulet of the acrobat (around neck)
Scrolls
 c - a scroll of magic mapping {unknown}
 d - a scroll of teleportation {unknown}
 f - a scroll of identify {unknown}
 i - a scroll of vulnerability {unknown}
 l - a scroll of amnesia {unknown}
 m - a scroll of immolation {unknown}
Potions
 b - a potion of magic
 e - a potion of attraction


   Skills:
 - Level 2.0 Dodging
 - Level 2.0 Stealth
 + Level 2.4 Spellcasting
 + Level 4.1 Summonings


You had 5 spell levels left.
You knew the following spells:

 Your Spells              Type           Power      Damage    Failure   Level
a - Summon Small Mammal   Summ           100%       N/A       4%          1

Your spell library contained the following spells:

 Spells                   Type           Power      Damage    Failure   Level
 Call Imp                 Summ           26%        N/A       6%          2
 Call Canine Familiar     Summ           26%        N/A       12%         3
 Summon Guardian Golem    Hex/Summ       14%        N/A       26%         3
 Static Discharge         Conj/Air       3%         3-4/arc   30%         2
 Summon Lightning Spire   Summ/Air       14%        N/A       61%         4
 Lightning Bolt           Conj/Air       1%         1d12      99%         5
 Maxwell's Capacitive Co  Air            1%         ∞         100%        8


Dungeon Overview and Level Annotations

Branches:
Dungeon (2/15)


Innate Abilities, Weirdness & Mutations

You have an increased reservoir of magic. (+10% MP)
You shall have no god before yourself.
Your divine heritage dramatically boosts your attributes as you level up.
You are clumsy. (Dex -2)
Your spells are a little harder to cast, but a little more powerful.


Message History

You closely miss the hobgoblin.
You feel sick.
Your bat barely misses the goblin.
Your bat barely misses the hobgoblin.
The goblin barely misses you.
A kobold comes into view. It is wielding a +0 dagger.
Your bat barely misses the hobgoblin.
The hobgoblin misses you.
You hit the hobgoblin.
The hobgoblin is heavily wounded.
You feel sick.
Your bat hits the goblin.
The goblin hits you with a +2 dagger of venom.
You are lethally poisoned!
The hobgoblin closely misses you.
You are too injured to fight recklessly!
Unknown command.
The goblin attacks as you move away! The goblin barely misses you.
You feel very sick. The goblin misses your bat. The hobgoblin misses your bat.
It was a potion of attraction.
You feel attractive to monsters.
* * * LOW HITPOINT WARNING * * *
You feel very sick.
Your bat hits the goblin.
The goblin hits your rat with a +2 dagger of venom.
Your rat bites the goblin.
The kobold is attracted toward you.
It was a potion of mutation.
You feel extremely strange.
You feel clumsy.
You feel less in control of your magic.
* * * LOW HITPOINT WARNING * * *
You feel very sick.
Your bat hits the hobgoblin. The goblin barely misses your rat.
The kobold barely misses you. The hobgoblin hits your rat.
Your rat dies!
Your rat's corpse disappears in a puff of smoke!
The goblin shouts!
It was a potion of invisibility.
You fade into invisibility!
* * * LOW HITPOINT WARNING * * *
You feel sick.
Your bat closely misses the goblin.
The kobold barely misses you. The hobgoblin hits your bat.
Your bat dies!
Your bat's corpse disappears in a puff of smoke!
You die...

...?.....#.. ...........
....
..........#..........#
#.........#..........#
#........##..........###
#.....§.g# #....⌠.......
#.###.§g#####..........#
..:...§..K.§............
###....@./...#.....##.##
#..................)).
#..........#...####)##
#............#.####.#
####...........##...#
#####......###.###
#...##....#.####
#..<...#........
...####.........


You could see a hobgoblin (unable to see you), a goblin (unable to see you) and
a kobold (unable to see you).

Vanquished Creatures
  2 dart slugs (D:1)
  An orc (D:2)
  A bat (D:1)
  An endoplasm (D:1)
  2 giant cockroaches (D:1)
  2 hobgoblins (D:1)
  A quokka (D:1)
  A ball python (D:2)
  3 rats (D:1)
14 creatures vanquished.

Vanquished Creatures (collateral kills)
  A worm (D:2)
  A dart slug (D:2)
  6 goblins
  A hobgoblin (D:1)
  A kobold (D:1)
  A quokka (D:1)
  A ball python (D:1)
  2 bats (D:2)
  2 frilled lizards
  3 rats (D:1)
19 creatures vanquished.

Grand Total: 33 creatures vanquished

Notes
Turn   | Place    | Note
-------+----------+-------------------------------------------
     0 | D:1      | McKennaii the Demigod Summoner began the quest for the Orb.
     0 | D:1      | Reached XP level 1. HP: 14/14 MP: 5/5
   377 | D:1      | Reached XP level 2. HP: 15/20 MP: 4/7
  1122 | D:1      | Reached skill level 4 in Summonings
  1535 | D:2      | Reached XP level 3. HP: 24/26 MP: 7/9
  1793 | D:2      | Gained mutation: You are clumsy. (Dex -2) [potion of
                  | mutation]
  1793 | D:2      | Gained mutation: Your spells are a little harder to cast,
                  | but a little more powerful. [potion of mutation]
  1794 | D:2      | HP: 1/26 [poisoned by a goblin]
  1795 | D:2      | Succumbed to a goblin's poison

Illustrated notes

Levels and vault maps discovered:
D:1:      lightli_arrival_statue_moat, layout_basic, dreamdust_mushroom_princess
D:2:      layout_rooms, chequers_serial_rivers_micro_b, hangedman_feature_mirror

Skill      XL: |  1  2 |
---------------+-------+-----
Dodging        | 2 |  2.0
Stealth        | 2 |  2.0
Spellcasting   | 2 |  2.4
Summonings     | 4 |  4.1

Action                   || total
-------------------------++-------
Melee: Unarmed           ||    14
       Punch             ||     2
       Spear             ||    52
 Cast: Summon Small Mamm ||    46
  Use: Potion            ||     3
 Stab: Sleeping          ||     2
       Distracted        ||     1
Armor: Robe              ||     8
Dodge: Dodged            ||    65
